 Dungeon Crawl Stone Soup version 0.21.0-37-g46506fa (webtiles) character file.

3013 loralnil the Blocker (level 9, -2/59 HPs)
             Began as a Gargoyle Fighter on Jan 30, 2018.
             Was an Initiate of Makhleb.
             Splashed by a centaur's acid (8 damage)
             ... on level 8 of the Dungeon.
             The game lasted 00:10:59 (4945 turns).

loralnil the Blocker (Gargoyle Fighter)             Turns: 4945, Time: 00:10:59

Health: -2/59      AC: 19    Str: 22    XL:     9   Next: 85%
Magic:  9/9        EV:  6    Int: 10    God:    Makhleb [......]
Gold:   404        SH: 11    Dex:  9    Spells: 8/8 levels left

rFire    + + .     SeeInvis .   e - +2 whip (venom)
rCold    . . .     Gourm    .   c - +0 shield
rNeg     + . .     Faith    .   y - +0 chain mail
rPois    ∞         Spirit   .   (no helmet)
rElec    +         Reflect  .   (no cloak)
rCorr    .         Harm     .   h - +1 pair of gloves
MR       +....                  (no boots)
Stlth    ..........             (no amulet)
HPRegen  0.19/turn              (no ring)
MPRegen  0.11/turn              (no ring)

@: no status effects
A: fire resistance 2, magic resistance 1, negative energy resistance 1,
electricity resistance, unbreathing, petrification resistance, rot immunity, AC
+6
a: Renounce Religion


You were on level 8 of the Dungeon.
You worshipped Makhleb.
Makhleb was noncommittal.
You were not hungry.

You visited 2 branches of the dungeon, and saw 9 of its levels.
You also visited: Sewer.

You collected 404 gold pieces.

Inventory:

Hand Weapons
 e - a +2 whip of venom (weapon)
Armour
 c - a +0 shield (worn)
 h - a +1 pair of gloves (worn)
 y - a +0 chain mail (worn)
Wands
 p - a wand of random effects (23)
 v - a wand of flame (16)
Scrolls
 g - 2 scrolls of fog {unknown}
 j - 2 scrolls of teleportation {unknown}
 o - 2 scrolls of amnesia {unknown}
 q - a scroll of magic mapping {unknown}
 u - a scroll of remove curse
 x - 3 scrolls of blinking
 z - a scroll of enchant armour {unknown}
Potions
 b - a potion of haste
 d - a potion of might
 i - 2 potions of curing
 k - 3 potions of heal wounds
 l - 2 potions of flight
 m - a potion of agility
 n - 3 potions of ambrosia
 s - a potion of degeneration {unknown}
 t - a potion of cancellation {unknown}
Books
 w - the Incunabulum of Free Will
   (You found it on level 5 of the Dungeon)

   Spells                             Type                      Level
   a - Sting                          Conjuration/Poison           1
   b - Searing Ray                    Conjuration                  2
   c - Sticks to Snakes               Transmutation                2
   d - Iskenderun's Battlesphere      Conjuration/Charms           5
   e - Bolt of Cold                   Conjuration/Ice              6
Comestibles
 a - 9 chunks of flesh
 f - 14 rations


   Skills:
 + Level 8.0 Fighting
 + Level 6.9 Maces & Flails
 + Level 8.0 Armour
 + Level 8.1 Shields


You had 8 spell levels left.
You didn't know any spells.

Dungeon Overview and Level Annotations

Branches:
Dungeon (9/15)             Temple (1/1) D:5
   Lair: D:8-11         Orc: D:9-12

Altars:
Ashenzari
Dithmenos
Elyvilon
Fedhas
Gozag
Hepliaklqana
Kikubaaqudgha
Makhleb
Nemelex Xobeh
Okawaru
Qazlal
Ru
Sif Muna
Trog
Uskayaw
Vehumet
Wu Jian
Xom
Zin
The Shining One


Innate Abilities, Weirdness & Mutations

You are resistant to torment.
Your stone body is resilient. (AC +6)
You are immune to poison.
You resist negative energy. (rN+)
You are resistant to electric shocks. (rElec)
You can survive without breathing.
You are immune to petrification.
You are immune to rotting.
Your flesh is very heat resistant. (rF++)
You are resistant to hostile enchantments. (MR+)


Message History

The centaur zaps a wand.
The bolt of acid hits you!
You are splashed with acid!
The acid burns!
It is a wand of acid (5).
The centaur shoots an arrow.
The arrow hits you but does no damage.
Found 10 stones.
You see here an arrow.
The centaur zaps a wand.
The bolt of acid hits you!
You are splashed with acid!
The acid burns!
The centaur unwields an uncursed shortbow.
The centaur hits you but does no damage.
Found an escape hatch in the ceiling.
You hit the centaur but do no damage.
The centaur is poisoned.
The centaur hits you.
* * * LOW HITPOINT WARNING * * *
You hit the centaur but do no damage.
The centaur looks as sick as possible!
The centaur hits you but does no damage.
You hit the centaur but do no damage.
The centaur zaps a wand.
The bolt of acid hits you!
* * * LOW HITPOINT WARNING * * *
You are splashed with acid!
The acid burns!
You die...

#..## ...<. ..# #..##
.....# #..## #...##
...... #...# #....##
......##..(# #.....###
...........# ##...).)(#
..........# #......(.(
..........#####.........
.......@...##....###...(
.......c.(...(..## #....
...........((..## #...#
##.........=.(## #...##
##...........# #..##
##......^....# ...##
#########........
##..... ##.....


You could see a centaur.

Vanquished Creatures
  Eustachio (D:4)
  7 soldier ants (D:5)
  2 water moccasins
  3 ogres
  4 centaurs
  2 crocodiles
  A bullfrog (D:6)
  A scorpion (D:4)
  6 killer bees (D:5)
  2 crimson imps
  A bullfrog zombie (D:2)
  A hound (D:5)
  A jelly (D:8)
  2 orc priests (D:4)
  A centaur skeleton (D:5)
  A bullfrog skeleton (D:4)
  Jessica (D:2)
  Ijyb (D:3)
  An iguana (D:5)
  4 worker ants
  3 hound skeletons
  19 adders
  An ooze (D:1)
  7 worms
  3 dart slugs
  3 leopard geckos
  12 orcs
  9 giant cockroaches
  4 goblins
  8 hobgoblins
  23 jackals
  3 quokkas
  11 bats
  3 frilled lizards
  5 kobolds
  A leopard gecko skeleton (D:5)
  A quokka skeleton (D:4)
  10 rats
169 creatures vanquished.

Notes
Turn   | Place    | Note
-------+----------+-------------------------------------------
     0 | D:1      | loralnil the Gargoyle Fighter began the quest for the Orb.
     0 | D:1      | Reached XP level 1. HP: 14/14 MP: 1/1
   299 | D:1      | Reached XP level 2. HP: 19/19 MP: 2/2
   679 | D:1      | Reached XP level 3. HP: 22/23 MP: 3/3
   924 | D:2      | Reached XP level 4. HP: 19/29 MP: 4/4
  1120 | D:2      | Noticed Jessica
  1134 | D:2      | Killed Jessica
  1134 | D:2      | Reached XP level 5. HP: 30/33 MP: 5/5
  1175 | D:2      | Found a blossoming altar of Fedhas.
  1188 | D:2      | Found a bloodstained altar of Trog.
  1202 | D:2      | Found a shattered altar of Ashenzari.
  1285 | D:2      | Found an iron altar of Okawaru.
  1285 | D:2      | Found a sparkling altar of Nemelex Xobeh.
  1797 | D:3      | Noticed Ijyb
  1815 | D:3      | Killed Ijyb
  1815 | D:3      | Reached XP level 6. HP: 35/39 MP: 6/6
  2321 | D:4      | Reached skill level 5 in Fighting
  2321 | D:4      | Reached skill level 5 in Shields
  2339 | D:4      | Noticed Eustachio
  2366 | D:4      | Killed Eustachio
  2366 | D:4      | Reached skill level 5 in Armour
  2366 | D:4      | Reached XP level 7. HP: 30/44 MP: 7/7
  2671 | D:4      | Reached XP level 8. HP: 25/51 MP: 8/8
  2814 | D:5      | Entered Level 5 of the Dungeon
  2865 | D:5      | Identified the Incunabulum of Free Will
  2927 | D:5      | Found a runed door.
  2928 | D:5      | Found a runed gate.
  2932 | D:5      | Found the +0 Maxwell's etheric cage {RegenMP+ *Contam rElec MP+4}
  2948 | D:5      | Reached skill level 5 in Maces & Flails
  3033 | D:5      | Found a runed gate.
  3034 | D:5      | Found a runed gate.
  3042 | D:5      | Found a runed door.
  3054 | D:5      | Found the +9 staff of Olgreb {rPois}
  3246 | D:5      | Found a glowing drain.
  3258 | Sewer    | Entered a sewer
  3545 | D:5      | Found a staircase to the Ecumenical Temple.
  3554 | Temple   | Entered the Ecumenical Temple
  3772 | Temple   | Became a worshipper of Makhleb the Destroyer
  3926 | D:5      | Reached XP level 9. HP: 45/56 MP: 9/9
  4764 | D:6      | You fall through a shaft for 3 floors!
  4858 | D:8      | Gained mutation: You occasionally shout uncontrollably at your foes. [potion of mutation]
  4858 | D:8      | Gained mutation: Your flesh is heat resistant. (rF+) [potion of mutation]
  4858 | D:8      | Gained mutation: You are robust. (+10% HP) [potion of mutation]
  4859 | D:8      | Lost mutation: You occasionally shout uncontrollably at your foes. [potion of mutation]
  4859 | D:8      | Lost mutation: You are robust. (+10% HP) [potion of mutation]
  4859 | D:8      | Gained mutation: Your flesh is very heat resistant. (rF++) [potion of mutation]
  4859 | D:8      | Gained mutation: You are resistant to hostile enchantments. (MR+) [potion of mutation]
  4945 | D:8      | Splashed by a centaur's acid

Skill      XL: |  1  2  3  4  5  6  7  8  9 |
---------------+----------------------------+-----
Fighting       | 4 5 6 8 |  8.0
Armour         | 4 5 6 8 |  8.0
Shields        | 4 5 7 8 |  8.1
Maces & Flails | 3 4 5 6 |  6.9

Action                   |  1- 3 |  4- 6 |  7- 9 || total
-------------------------+-------+-------+-------++-------
Melee: Flail             |    87 |       |       ||    87
       Whip              |    35 |   228 |   457 ||   720
  Use: Scroll            |     2 |     3 |     4 ||     9
       Potion            |       |       |     2 ||     2
  Eat: Chunk             |       |     5 |     9 ||    14
Armor: Scale mail        |    72 |   109 |    97 ||   278
       Chain mail        |       |       |   104 ||   104
Dodge: Dodged            |    35 |    61 |   109 ||   205
Block: Shield            |    53 |   125 |   230 ||   408
